 Dungeon Crawl Stone Soup version 0.24.1-14-gf8d2b509d9 (webtiles) character file.

Game seed: 7579367794310551308, levelgen mode: deterministic

79 Hugehornet the Chopper (level 4, -3/28 HPs)
             Began as a Gargoyle Fighter on May 18, 2020.
             Killed by divine providence
             ... invoked by an orc priest
              (16 damage)
             ... on level 3 of the Dungeon.
             The game lasted 00:02:12 (1859 turns).

Hugehornet the Chopper (Gargoyle Fighter)           Turns: 1859, Time: 00:02:13

Health: -3/28      AC: 15    Str: 20    XL:     4   Next: 38%
Magic:  4/4        EV:  3    Int:  9    God:
Gold:   187        SH:  9    Dex:  9    Spells: 3/3 levels left

rFire    . . .     SeeInvis .   a - +0 war axe
rCold    . . .     Gourm    .   c - +0 shield
rNeg     + . .     Faith    .   k - +0 plate armour
rPois    ∞         Spirit   .   (no helmet)
rElec    +         Reflect  .   (no cloak)
rCorr    +         Harm     .   (no gloves)
MR       .....                  (no boots)
Stlth    ..........             (no amulet)
HPRegen  0.09/turn              e - ring of resist corrosion
MPRegen  0.09/turn              i - ring of stealth

@: no status effects
A: negative energy resistance 1, electricity resistance, unbreathing,
petrification resistance, rot immunity, AC +3
a: no special abilities


You were on level 3 of the Dungeon.
You were very hungry.

You visited 1 branch of the dungeon, and saw 3 of its levels.

You collected 187 gold pieces.

Inventory:

Hand Weapons
 a - a +0 war axe (weapon)
Armour
 b - a +0 scale mail
 c - a +0 shield (worn)
 k - a +0 plate armour (worn)
Jewellery
 e - a ring of resist corrosion (left hand)
 i - a ring of stealth (right hand)
Wands
 l - a wand of polymorph (13)
Scrolls
 h - a scroll of blinking {unknown}
 m - a scroll of remove curse {unknown}
 o - a scroll of immolation {unknown}
 p - a scroll of amnesia {unknown}
 q - 2 scrolls of teleportation {unknown}
 r - 4 scrolls of identify
Potions
 d - 2 potions of might
 g - 3 potions of curing
 j - a potion of heal wounds
 n - a potion of flight {unknown}
Comestibles
 f - 8 rations


   Skills:
 - Level 3.2 Fighting
 + Level 4.1 Axes
 - Level 3.2 Armour
 - Level 3.2 Shields


You had 3 spell levels left.
You didn't know any spells.
Your spell library was empty.

Dungeon Overview and Level Annotations

Branches:
Dungeon (3/15)

Altars:


Innate Abilities, Weirdness & Mutations

You are resistant to torment.
Your stone body is resilient. (AC +3)
You are immune to poison.
You resist negative energy. (rN+)
You are resistant to electric shocks. (rElec)
You can survive without breathing.
You are immune to petrification.
You are immune to rotting.


Message History

You hit the adder.
The adder is severely wounded.
The adder bites you but does no damage.
A dart slug comes into view.
An orc comes into view. It is wielding a +0 whip.
You closely miss the adder.
The adder is severely wounded.
The adder barely misses you. You block the adder's attack.
You closely miss the adder.
The adder is severely wounded.
The adder bites you but does no damage.
The orc priest calls down the wrath of Beogh upon you.
Beogh smites you!
Ouch! That really hurt!
An orc wizard comes into view. It is wielding a +0 dagger.
The adder bites you but does no damage.
The orc priest invokes the aid of Beogh against you.
Beogh smites you!
Ouch! That really hurt!
You die...

# ...o. ## ..... ##.
..o..## ##.. w.....#..
##... #o#.#.#.# ##....
#o#.#.#.# #....#
#S#.#.#.# #..###
#@#.#.#.# #### #
####.#.#.#.#.##########
........................
#####.#.#.#.............
...........(......###
#####.#.#.########.# #
#.#.#.# #.# # #.#.#.#
#.### ..#...# #..##


You could see an orc priest, an orc wizard (wandering), an adder, a dart slug
and 2 orcs.

Vanquished Creatures
  A howler monkey zombie (D:3)
  An adder (D:3)
  An ooze (D:3)
  2 worms (D:2)
  3 dart slugs
  2 orcs
  2 giant cockroaches
  6 goblins
  2 hobgoblins
  2 jackals (D:1)
  A ball python (D:1)
  5 bats (D:1)
  3 frilled lizards
  5 kobolds
  7 rats
43 creatures vanquished.

Notes
Turn   | Place    | Note
-------+----------+-------------------------------------------
     0 | D:1      | Hugehornet the Gargoyle Fighter began the quest for the
                  | Orb.
     0 | D:1      | Reached XP level 1. HP: 14/14 MP: 1/1
    36 | D:1      | Reached skill level 2 in Axes
    85 | D:1      | Reached XP level 2. HP: 19/19 MP: 2/2
   409 | D:1      | Reached skill level 3 in Axes
   562 | D:1      | Reached XP level 3. HP: 22/23 MP: 3/3
  1322 | D:2      | Found a faded altar of an unknown god.
  1458 | D:3      | Reached XP level 4. HP: 27/28 MP: 4/4
  1512 | D:3      | Reached skill level 4 in Axes
  1859 | D:3      | Killed from afar by an orc priest

Levels and vault maps discovered:
D:1:      matt_arrival_spirals, layout_basic
D:2:      layout_rooms, chequers_ecumenical_altar_twisty
D:3:      layout_basic, first_ration, nrook_uturn, minmay_misc_feat_rows,
          nrook_mini_backslash

Skill      XL: |  1  2  3  4 |
---------------+-------------+-----
Axes           | 2 3 4 |  4.1
Fighting       | |  3.2
Armour         | |  3.2
Shields        | |  3.2

Action                   |  1- 3 |  4- 6 || total
-------------------------+-------+-------++-------
Melee: War axe           |   137 |    28 ||   165
  Use: Scroll            |       |     2 ||     2
  Eat: Chunk             |     1 |     1 ||     2
Armor: Scale mail        |    54 |       ||    54
       Plate armour      |    35 |    15 ||    50
Dodge: Dodged            |    32 |     4 ||    36
Block: Shield            |    65 |    19 ||    84
